Map: Templo congelado

Players

xXkazperXx - Winner!

  • Race: Zerg Zerg
  • League: Bronze

slayer

  • Race: Terran Terran
  • League: Bronze

VOD

Have the link to the VOD?

Description

Time

  • Played on: April 9, 2016, 3:14 a.m.
  • Length: 14:47
Show
View Real Time Build Order
Export as new Build Order

xXkazperXx Zerg - Winner!

Build Orders: Pool First, Lurkers 

Get SALT Encoding   

  12  0:01  Drone  
  13  0:11  Drone  
  14  0:18  Overlord  
  14  0:28  Extractor, Drone  
  14  0:42  Drone x2  
  16  0:58  Drone x2  
  18  1:06  Spawning Pool  
  18  1:07  Overlord  
  17  1:18  Drone  
  18  1:32  Drone  
  19  1:43  Drone  
  20  1:53  Queen  
  22  1:56  Drone  
  23  2:05  Roach Warren  
  23  2:07  Zergling x2  
  23  2:14  Zergling x2  
  24  2:17  Extractor  
  23  2:28  Drone  
  24  2:36  Drone  
  25  2:46  Roach  
  27  3:01  Roach  
  29  3:07  Overlord  
  29  3:27  Roach x3  
  35  3:37  Roach, Overlord  
  35  3:39  Zergling x2  
  38  3:49  Overlord  
  38  4:01  Roach  
  40  4:04  Roach  
  40  4:05  Roach x2  
  46  4:17  Roach  
  48  4:33  Roach  
  48  4:34  Roach  
  51  5:18  Lair  
  51  5:19  Roach  
  51  5:20  Overlord  
  53  5:32  Evolution Chamber  
  52  6:00  Metabolic Boost  
  52  6:02  Hatchery  
  51  6:12  Roach x3  
  51  6:18  Hydralisk Den  
  56  6:19  Glial Reconstitution  
  56  6:21  Pneumatized Carapace  
  56  6:33  Zergling x2  
  57  7:15  Hydralisk x2  
  57  7:16  Hydralisk x3  
  57  7:19  Drone  
  68  7:33  Burrow  
  68  7:37  Zerg Ground Armor Level 1  
  68  7:38  Tunneling Claws  
  66  8:10  Spire  
  63  8:56  Drone x3  
  63  8:57  Drone x2  
  63  8:59  Overlord x3  
  68  9:42  Hydralisk x3  
  74  9:45  Mutalisk  
  74  9:46  Mutalisk x5  
  74  9:51  Extractor  
  74  9:52  Extractor  
  84  10:12  Lurker Den  
  84  10:53  Mutalisk x2  
  88  10:58  Drone x4  
  92  11:04  Overlord x2  
  92  11:32  Drone x2  
  94  11:33  Drone  
  95  11:46  Lurker x4  
  99  11:53  Hatchery  
  98  14:21  Zergling x2  
  98  14:22  Zergling x16  
  98  14:23  Zergling x6  
Show
View Real Time Build Order
Export as new Build Order

slayer Terran 

Build Orders:  

Get SALT Encoding   

  12  0:06  SCV  
  13  0:22  Supply Depot  
  13  0:31  SCV  
  14  0:38  Refinery  
  14  0:43  Supply Depot  
  14  1:08  Supply Depot  
  14  1:27  SCV  
  14  1:31  Refinery  
  15  1:33  Barracks  
  15  1:39  SCV  
  16  1:51  SCV  
  17  2:03  SCV  
  19  2:15  SCV  
  19  2:21  Barracks  
  19  2:27  SCV  
  19  2:29  Barracks Reactor  
  20  2:39  SCV  
  21  2:52  SCV  
  22  3:04  SCV  
  23  3:07  Marine  
  23  3:09  Marine  
  23  3:11  Barracks  
  25  3:25  Marine  
  25  3:26  Marine  
  27  3:37  Barracks Tech Lab  
  27  3:43  Marine  
  27  3:44  Marine  
  29  4:01  Engineering Bay, Marine  
  29  4:02  Marine, Bunker  
  31  4:05  Factory  
  31  4:06  Barracks Tech Lab  
  31  4:08  Concussive Shells  
  31  4:11  Marauder  
  33  4:19  Marine  
  34  4:33  Marauder  
  34  4:35  Combat Shields  
  36  4:45  Marauder  
  38  4:48  Marine  
  39  5:15  Bunker  
  39  5:32  Factory Tech Lab  
  39  5:34  Supply Depot  
  39  5:51  Terran Infantry Weapons Level 1  
  39  5:52  Armory  
  39  5:55  Marauder x2, Marine x2  
  45  6:01  Supply Depot  
  45  6:13  Marine x2  
  47  6:22  Supply Depot  
  47  6:23  Marauder x2  
  47  6:25  Supply Depot  
  51  6:31  Marine x2  
  53  6:44  Siege Tank  
  53  6:45  Supply Depot  
  56  6:49  Supply Depot  
  56  6:52  Marauder  
  56  6:53  Marauder  
  60  7:02  Marine  
  60  7:04  Marine  
  62  8:07  Command Center  
  62  8:13  Marine x2  
  64  8:21  Marauder  
  64  8:23  Marauder  
  64  8:31  Marine x2  
  60  8:49  Marine x2  
  62  9:02  Starport  
  62  9:07  Marine x2  
  64  9:24  Marine x2  
  66  9:42  Marine x2  
  68  9:47  Starport Tech Lab  
  68  9:51  Marauder  
  70  9:53  Marauder  
  72  10:00  Marine  
  72  10:06  Siege Tank  
  76  10:18  SCV  
  72  10:30  SCV  
  73  10:52  SCV  
  73  10:54  SCV  
  75  11:04  SCV  
  75  11:06  SCV  
  77  11:16  SCV  
  78  11:18  Medivac  
  80  11:28  SCV  
  80  11:32  SCV  
  82  11:40  SCV  
  82  11:44  SCV  
  84  11:52  SCV  
  85  11:56  SCV  
  86  12:04  SCV  
  86  12:05  Marine  
  86  12:06  Marine  
  82  12:21  Liberator  
  80  12:23  Marine  
Tags
 
Composition
Lurkers
Matchup
TvZ
Opening
Pool First
Replay Pack
replays pack
Add a new tag
Caveats
  • Supply blocks, unpowered buildings, or Contaminate may cause inaccurate times.
  • Supply counts are checked every 10 seconds.